 Dungeon Crawl Stone Soup version 0.27.1-34-g3ba077fa99 (webtiles) character file.

Game seed: 7565109017718100694

1879 vvl the Stinger (level 8, -9/66 HPs)
             Began as a Pale Draconian Venom Mage on Jan 19, 2022.
             Mangled by a troll (14 damage)
             ... on level 7 of the Dungeon.
             The game lasted 00:19:33 (10438 turns).

vvl the Stinger (Pale Draconian Venom Mage)        Turns: 10438, Time: 00:19:34

Health: -9/66      AC:  6    Str: 11    XL:     8   Next: 91%
Magic:  12/14      EV: 16    Int: 18    God:
Gold:   297        SH:  4    Dex: 11    Spells: 10/15 levels left

rFire    . . .     SeeInvis .   j - staff of death
rCold    . . .     Faith    .   m - +0 buckler
rNeg     + . .     Spirit   .   (armour unavailable)
rPois    .         Reflect  .   (helmet restricted)
rElec    .         Harm     .   (no cloak)
rCorr    .         Rampage  .   (no gloves)
Will     .....                  (no boots)
Stlth    ++........             (no amulet)
HPRegen  0.21/turn              u - +4 ring of evasion
MPRegen  0.14/turn              (no ring)

@: short of breath
A: breathe steam, AC +6, unfitting armour, cold-blooded, steam resistance
a: Breathe Steam


You were on level 7 of the Dungeon.
You visited 1 branch of the dungeon, and saw 7 of its levels.
You also visited: Sewer.

You collected 297 gold pieces.

Inventory:

Hand Weapons
 d - a +0 dagger
Armour
 m - a +0 buckler (worn)
Magical Staves
 j - a staff of death (weapon)
Jewellery
 u - a +4 ring of evasion (left hand)
Wands
 l - a wand of acid (7)
 o - a wand of mindburst (10)
Scrolls
 c - a scroll of blinking {unknown}
 e - 2 scrolls of torment {unknown}
 f - a scroll of silence {unknown}
 g - a scroll of amnesia {unknown}
 h - a scroll of magic mapping {unknown}
 i - 4 scrolls of identify {unknown}
 k - 2 scrolls of summoning {unknown}
 n - 5 scrolls of teleportation {unknown}
 q - 4 scrolls of enchant weapon {unknown}
 t - a scroll of fear {unknown}
 v - a scroll of noise {unknown}
 w - a scroll of enchant armour {unknown}
Potions
 a - 3 potions of attraction
 b - 3 potions of might
 p - a potion of brilliance
 r - a potion of degeneration {unknown}
 s - a potion of resistance {unknown}


   Skills:
 + Level 4.1 Fighting
 + Level 4.4 Staves
 + Level 3.9 Dodging
 - Level 2.0 Stealth
 + Level 2.5 Shields
 + Level 4.0 Spellcasting
 + Level 3.5 Necromancy
 + Level 4.0 Transmutations
 + Level 2.7 Fire Magic
 + Level 4.9 Poison Magic


You had 10 spell levels left.
You knew the following spells:

 Your Spells              Type           Power      Damage    Failure   Level
a - Sting                 Tmut/Pois      76%        1d6       2%          1
b - Olgreb's Toxic Radia  Pois           21%        N/A       22%         4

Your spell library contained the following spells:

 Spells                   Type           Power      Damage    Failure   Level
 Poisonous Vapours        Pois/Air       24%        N/A       10%         2
 Magic Dart               Conj           12%        1d3       17%         1
 Searing Ray              Conj           6%         3d3       26%         2
 Mephitic Cloud           Conj/Pois/Air  9%         N/A       26%         3
 Gell's Gravitas          Tloc           1%         N/A       45%         3
 Lesser Beckoning         Tloc           1%         N/A       45%         3
 Teleport Other           Tloc           3%         N/A       45%         3
 Fulminant Prism          Conj/Hex       1%         3d6       86%         4


Dungeon Overview and Level Annotations

Branches:
Dungeon (7/15)             Temple (0/1) D:6           Sewer (visited)

Altars:
Okawaru
Trog
Zin


Innate Abilities, Weirdness & Mutations

You can breathe blasts of scalding, opaque steam.
Your pale cyan-grey scales are hard. (AC +6)
You cannot fit into any form of body armour.
You are cold-blooded and may be slowed by cold attacks.
You are immune to the effects of steam.


Message History

A troll comes into view.
A troll is nearby!
A troll is nearby!
Found a -2 hat.
The troll shouts!
The sting hits the troll.
The troll is poisoned.
The troll is lightly wounded.
You block the troll's attack. The troll claws you! The troll claws you.
You are too injured to fight recklessly!
Press: ? - help, Shift-Dir - straight line, f/p - troll
Aim: a troll (lightly wounded, poisoned)
You exhale a blast of scalding steam.
The ball of steam misses the troll.
The troll is engulfed in a cloud of scalding steam.
The troll bites you. The troll claws you.
The troll claws you but does no damage.
Casting: Sting (safe; 2% risk of failure)
Confirm with . or Enter, or press ? or * to list all spells.
Aiming: Sting (safe; 2% risk of failure)
Press: ? - help, Shift-Dir - straight line, f/p - troll
Aim: a troll (steam, moderately wounded, poisoned, 74% to hit)
The sting hits the troll but does no damage.
The troll looks even sicker.
The troll is moderately wounded.
The troll is engulfed in a cloud of scalding steam.
The troll barely misses you. The troll closely misses you. The troll claws you.
* * * LOW HITPOINT WARNING * * *
Casting: Sting (safe; 2% risk of failure)
Confirm with . or Enter, or press ? or * to list all spells.
Aiming: Sting (safe; 2% risk of failure)
Press: ? - help, Shift-Dir - straight line, f/p - troll
Aim: a troll (steam, heavily wounded, very poisoned, 74% to hit)
The sting hits the troll.
The troll looks even sicker.
The troll is severely wounded.
The troll is engulfed in a cloud of scalding steam.
The troll bites you.
* * * LOW HITPOINT WARNING * * *
The troll barely misses you. The troll claws you!
* * * LOW HITPOINT WARNING * * *
The troll bites you!
You die...

#...######.#
#....# #.#
+.#..# #.#
###..#####.#
##.#.....#
#...##..#
##..#...#
#.>########
##...@...<#
#.###T####
#.# #.## #.#
#..# #..
##.# #.. #.#
... #.....#
## ..###.#
.ยง.#


You could see a troll (very poisoned).

Vanquished Creatures
  A troll (D:5)
  An orc warrior (D:6)
  An ice beast (D:6)
  A necrophage (D:5)
  An ogre (D:6)
  A centaur (D:6)
  3 phantoms
  Blork the orc (D:5)
  2 bullfrogs (Sewer)
  A wyvern zombie (D:6)
  4 scorpions
  A wyvern skeleton (D:6)
  2 centaur skeletons (D:5)
  2 iguanas
  7 gnolls (D:3)
  13 adders
  3 white imps
  An ufetubus (D:5)
  An adder skeleton (D:4)
  A worm (D:3)
  2 dart slugs (D:3)
  6 orcs
  15 ball pythons
  23 endoplasms
  10 giant cockroaches
  3 goblins
  5 hobgoblins
  3 jackals (D:1)
  18 quokkas
  5 bats
  15 frilled lizards
  10 kobolds
  3 rats
166 creatures vanquished.

Notes
Turn   | Place    | Note
-------+----------+-------------------------------------------
     0 | D:1      | vvl the Draconian Venom Mage began the quest for the Orb.
     0 | D:1      | Reached XP level 1. HP: 14/14 MP: 3/3
   408 | D:1      | Reached XP level 2. HP: 21/22 MP: 0/5
  1119 | D:2      | Reached skill level 1 in Fighting
  1374 | D:2      | Reached XP level 3. HP: 28/28 MP: 3/6
  1873 | D:2      | Found a faded altar of an unknown god.
  2674 | D:3      | Reached XP level 4. HP: 25/35 MP: 7/7
  2772 | D:3      | Reached skill level 1 in Staves
  2822 | D:3      | Reached skill level 1 in Necromancy
  3737 | D:3      | Reached XP level 5. HP: 35/40 MP: 2/8
  3812 | D:4      | Found an iron altar of Okawaru.
  4303 | D:4      | Learned a level 4 spell: Olgreb's Toxic Radiance
  4328 | D:4      | Reached XP level 6. HP: 40/48 MP: 5/10
  5130 | D:5      | Entered Level 5 of the Dungeon
  5197 | D:5      | Found a glowing drain.
  5219 | Sewer    | Entered a sewer
  6414 | Sewer    | HP: 2/50 [bullfrog (1)]
  6418 | Sewer    | Your scales start taking on a pale cyan-grey colour.
  6418 | Sewer    | Reached XP level 7. HP: 13/56 MP: 1/11
  6418 | Sewer    | Gained mutation: You are immune to the effects of steam.
                  | [Pale Draconian growth]
  6801 | D:5      | Noticed Blork the orc
  6826 | D:5      | Killed Blork the orc
  7246 | D:5      | Noticed a troll
  7259 | D:5      | Reached skill level 1 in Shields
  7259 | D:5      | Reached skill level 1 in Fire Magic
  7268 | D:5      | Killed a troll
  7269 | D:5      | Reached XP level 8. HP: 22/63 MP: 9/13
  8350 | D:6      | Found a staircase to the Ecumenical Temple.
 10159 | D:6      | Found a bloodstained altar of Trog.
 10178 | D:6      | Found a glowing silver altar of Zin.
 10428 | D:7      | Noticed a troll
 10438 | D:7      | Mangled by a troll

Illustrated notes

Levels and vault maps discovered:
D:1:      co_arrival_square_in_a_square_in_a_square, layout_basic,
          minmay_tromino_v4_b
D:2:      layout_basic, hellmonk_ecumenical_altar_zigzags, eino_tiny_chamber
D:3:      layout_loops_ring
D:4:      layout_loops_ring, okawaru_trees_2
D:5:      layout_basic, gup_sewer_entry_pipe, uniq_blork_the_orc
D:6:      layout_rooms, chequers_temple_overflow_statue_of_worship,
          temple_pool_b, grunt_decor_mini_mirrors
D:7:      minmay_polygon_palace, layout_basic, lemuel_coloured_pillars_altar,
          hellmonk_guarded_unrand_lears

Skill      XL: |  1  2  3  4  5  6  7  8 |
---------------+-------------------------+-----
Stealth        | 2 |  2.0
Dodging        | 2 3 |  3.9
Fighting       | 1 2 3 4 |  4.1
Staves         | 1 2 3 4 |  4.4
Necromancy     | 1 2 3 |  3.5
Transmutations | 2 3 4 |  4.0
Spellcasting   | 3 4 |  4.0
Poison Magic   | 4 |  4.9
Shields        | 1 2 |  2.5
Fire Magic     | 1 2 |  2.7

Action                   |  1- 3 |  4- 6 |  7- 9 || total
-------------------------+-------+-------+-------++-------
Melee: Unarmed           |    12 |       |       ||    12
       Tailslap          |     8 |    16 |    18 ||    42
       Staff             |    90 |   157 |   212 ||   459
       Dagger            |    12 |       |       ||    12
 Cast: Sting             |    45 |   164 |    69 ||   278
       Olgreb's Toxic Ra |       |     1 |     1 ||     2
 Abil: Breathe Steam     |       |       |     5 ||     5
Evoke: Wand              |       |       |     1 ||     1
  Use: Potion            |     2 |     6 |       ||     8
 Stab: Sleeping          |     1 |       |       ||     1
Armor: Skin              |    44 |    93 |    52 ||   189
Dodge: Dodged            |    97 |   180 |   154 ||   431
Block: Buckler           |       |       |    46 ||    46
